 Dungeon Crawl Stone Soup version 0.30-a0-694-g3340775977 (webtiles) character file.

Game seed: 10365534489535644899

83 M4edhros the Grave Robber (level 4, 0/27 HPs)
             Began as an Octopode Wanderer on Jan 20, 2023.
             Slain by a river rat (4 damage)
             ... on level 3 of the Dungeon.
             The game lasted 00:04:50 (735 turns).

M4edhros the Grave Robber (Octopode Wanderer)        Turns: 735, Time: 00:04:50

Health: 0/27       AC:  1    Str:  8    XL:     4   Next: 44%
Magic:  7/7        EV: 17    Int: 16    God:
Gold:   59         SH:  0    Dex: 14    Spells: 3/8 levels left

rFire   . . .      SeeInvis .    a - +0 dagger
rCold   . . .      Faith    .    (no shield)
rNeg    . . .      Spirit   .    (helmet restricted)
rPois   .          Reflect  .    (no amulet)
rElec   .          Harm     .    i - +5 ring of evasion
rCorr   .          Rampage  .    (no ring)
Will    .....                    (no ring)
Stlth   +++                      (no ring)
HPRegen 0.24/turn                (no ring)
MPRegen 0.10/turn                (no ring)
                                 (no ring)
                                 (no ring)

@: no status effects
A: almost no armour, amphibious, 8 rings, camouflage 1, gelatinous body 1,
nimble swimmer 1, tentacles
a: no special abilities


You were on level 3 of the Dungeon.
You visited 1 branch of the dungeon, and saw 4 of its levels.

You collected 59 gold pieces.

Inventory:

Hand Weapons
 a - a +0 dagger (weapon)
Missiles
 b - 11 poisoned darts (quivered)
 m - 5 curare-tipped darts
Jewellery
 i - a +5 ring of evasion (left tentacle)
Wands
 j - a wand of digging (3)
Scrolls
 c - 2 scrolls of fear
 d - a scroll of teleportation {unknown}
 e - a scroll of enchant weapon {unknown}
 k - a scroll of blinking {unknown}
 l - a scroll of identify {unknown}
Potions
 g - a potion of attraction
 h - a potion of brilliance


   Skills:
 - Level 3.2 Throwing
 + Level 2.6 Spellcasting
 * Level 1.8 Conjurations
 - Level 1.4 Hexes
 + Level 3.5 Necromancy
 - Level 1.5 Invocations


You had 3 spell levels left.
You knew the following spells:

 Your Spells              Type           Power      Damage    Failure   Level
a - Necrotise             Necr           52%        1d6       4%          1
b - Cigotuvi's Dreadful   Necr/Pois/Air  10%        N/A       19%         2
c - Searing Ray           Conj           16%        2d5       14%         2

Your spell library contained the following spells:

 Spells                   Type           Power      Damage    Failure   Level
 Magic Dart               Conj           32%        1d4       9%          1
 Slow                     Hex            24%        N/A       11%         1
 Hailstorm                Conj/Ice       5%         3d4       36%         3
 Portal Projectile        Hex/Tloc       8%         N/A       41%         3
 Dispel Undead            Necr           13%        3d9       41%         4
 Fulminant Prism          Conj/Hex       3%         3d5       69%         4
 Ice Form                 Ice/Tmut       2%         N/A       89%         4
 Simulacrum               Ice/Necr       3%         N/A       100%        6


Dungeon Overview and Level Annotations

Branches:
Dungeon (4/15)
 Temple: D:4-7

Altars:


Innate Abilities, Weirdness & Mutations

You cannot wear most types of armour.
You are amphibious.
You can wear up to eight rings at the same time.
Your skin changes colour to match your surroundings (Stealth+).
Your rubbery body absorbs attacks. (AC +1, EV +1)
You are camouflaged when in or above water. (Stealth+)
You have tentacles for arms and can constrict up to eight enemies at once.


Message History

The adder closely misses you. x2
You closely miss the adder. You grab the adder. You squeeze the adder!
The adder is almost dead.
You constrict the adder.
You kill the adder!
You enter the shallow water.
You hit the worm. You grab the worm.
The worm is lightly wounded.
You constrict the worm.
The river rat bites you but does no damage.
You barely miss the worm. You squeeze the worm.
The worm is moderately wounded.
You constrict the worm.
The worm splashes around in the water.
The river rat bites you.
You hit the worm but do no damage.
The worm is moderately wounded.
You constrict the worm. The worm bites you. The river rat barely misses you.
You hit the river rat. Your grab misses the river rat.
You squeeze the river rat, but do no damage.
The river rat is moderately wounded.
You constrict the worm. The river rat closely misses you.
You closely miss the river rat. You grab the river rat.
The river rat is moderately wounded.
You constrict the worm.
You constrict the river rat, but do no damage.
The worm bites you!
* * * LOW HITPOINT WARNING * * *
The river rat misses you.
You barely miss the river rat.
The river rat is moderately wounded.
You constrict the worm.
You constrict the river rat, but do no damage.
The river rat closely misses you.
Unknown command.
You barely miss the river rat.
The river rat is moderately wounded.
You constrict the worm.
You constrict the river rat, but do no damage.
The worm barely misses you. The river rat bites you.
You die...

.. ##### ....... ######.#...
.... #####........# ###.
#~~~#...###..# #.
#~#w#†.......# #.
#~#@#~.......# #.
#rw~r~#~r~~..##..# #.
#####~#~#~...##..######. ...
r~#~~~...##......... ...#
###~#.......#..#...# .(#
#~~~...##.#....... ..#
########~~....##.#.##....
###.###.#.........#.##.#.......
........S.....#####.##.####....


You could see a worm and a river rat.

Vanquished Creatures
  Ijyb (D:3)
  3 adders
  A river rat (D:3)
  A worm (D:3)
  A dart slug (D:2)
  An orc (D:4)
  2 bats
  An endoplasm (D:1)
  2 hobgoblins
  2 ball pythons
  2 frilled lizards (D:2)
  4 rats
21 creatures vanquished.

Notes
Turn   | Place    | Note
-------+----------+-------------------------------------------
     0 | D:1      | M4edhros the Octopode Wanderer began the quest for the Orb.
     0 | D:1      | M4edhros set off with the following items: a +0 dagger, 11
                  | poisoned darts, a scroll of fear; and the following spells
                  | available to memorise: Necrotise, Slow, Cigotuvi's Dreadful
                  | Rot, Portal Projectile, Dispel Undead.
     0 | D:1      | Reached XP level 1. HP: 11/11 MP: 3/3
     2 | D:1      | Learned a level 1 spell: Necrotise
   127 | D:1      | Found a faded altar of an unknown god.
   258 | D:2      | Reached XP level 2. HP: 17/17 MP: 0/5
   391 | D:3      | Learned a level 2 spell: Cigotuvi's Dreadful Rot
   394 | D:3      | Learned a level 2 spell: Searing Ray
   481 | D:4      | Reached XP level 3. HP: 16/19 MP: 2/6
   539 | D:3      | Noticed Ijyb
   565 | D:3      | Killed Ijyb
   566 | D:3      | Reached skill level 1 in Conjurations
   644 | D:3      | Reached XP level 4. HP: 20/27 MP: 7/7
   735 | D:3      | Slain by a river rat

Illustrated notes

Levels and vault maps discovered:
D:1:      arrival_zaba_pyramid, layout_basic, shapermc_ecumenical_altar_ellora,
          minmay_misc_feat_ornament
D:2:      layout_loops_ring, uniq_jessica
D:3:      layout_basic, general_overflow_altar, lightli_sewer_entry_pipes,
          hex_tiny, uniq_ijyb
D:4:      layout_loops_ring, serial_co_window_serial, co_window_corner_a,
          co_window_corner_a, co_window_corner_a, co_window_paths_a,
          co_window_paths_a, co_window_unsneaky_path_b, co_window_corner_b,
          co_window_corner_b, co_window_2corner, co_window_unsneaky_path_b,
          co_window_broadway_c, co_window_unsneaky_path_c, co_window_paths_d,
          glass_columns_a, glass_columns_a, st_stairs_5, patterned_corridor,
          uniq_robin

Skill      XL: |  1  2  3 |
---------------+----------+-----
Conjurations   | 1 |  1.8
Throwing       | |  3.2
Spellcasting   | |  2.6
Hexes          | |  1.4
Necromancy     | |  3.5
Invocations    | |  1.5

Action                   |  1- 3 |  4- 6 || total
-------------------------+-------+-------++-------
Melee: Dagger            |    53 |    24 ||    77
       Constrict         |     6 |     7 ||    13
       Tentacles         |    11 |     8 ||    19
 Cast: Necrotise         |     7 |       ||     7
       Cigotuvi's Dreadf |     2 |       ||     2
       Searing Ray       |     1 |       ||     1
  Use: Scroll            |     1 |     1 ||     2
       Potion            |     3 |     1 ||     4
 Stab: Sleeping          |     3 |     1 ||     4
Armor: Skin              |     3 |     1 ||     4
Dodge: Dodged            |    46 |    17 ||    63

Table legend: (Time is in decaauts)
 A = Elapsed time spent in this place.
 B = Non-inter-level travel time spent in this place.
 C = Inter-level travel time spent in this place.
 D = Time resting spent in this place.
 E = Time spent auto-exploring this place.
 F = Levels seen in this place.
 G = Mean time per level.
                   A        B        C        D        E       F      G
               +--------+--------+--------+--------+--------+-----+--------+
         Total |    736 |    695 |     41 |     10 |    271 |   4 |  184.0 |
       Dungeon |    736 |    695 |     41 |     10 |    271 |   4 |  184.0 |
               +--------+--------+--------+--------+--------+-----+--------+

Top non-repeatable levels by time:
     D:3: 302 daAuts
     D:1: 212 daAuts
     D:2: 174 daAuts
     D:4: 46 daAuts
